[Event "Titled Tuesday Blitz November 01 Late 2022"]
[White "Mendez Fortes, Eduardo Jesus"]
[Black "Khripachenko, Alexander"]
[WhiteFideId "3502376"]
[BlackFideId "54184975"]
[WhiteElo "2307"]
[BlackElo "2201"]
[Result "0-1"]
[Round "09"]
[TimeControl "180+1"]
[Date "2022.11.01"]
[WhiteClock "0:00:13"]
[BlackClock "0:00:54"]

1. e4 e5 2. Nf3 Nf6 3. d4 Nxe4 4. Bd3 Nc6 5. O-O d5 6. Nxe5 Nxe5 7. dxe5 Nc5 8. Be2 Be7 9. Nd2 O-O 10. Nb3 Re8 11. f4 Ne4 12. Bf3 c5 13. Be3 b6 14. Bxe4 dxe4 15. Qxd8 Rxd8 16. Rfd1 Be6 17. Nd2 Bd5 18. c4 Bc6 19. Nf1 f6 20. b3 fxe5 21. fxe5 Kf7 22. Bf4 Ke6 23. Ne3 g5 24. Bg3 h5 25. h3 Rd4 26. Nc2 Rd3 27. Rxd3 exd3 28. Ne3 Rd8 29. Rd1 Be4 30. Nf1 g4 31. Nd2 Bf5 32. h4 a5 33. a4 Bf8 34. Bf4 Rd4 35. g3 Be7 36. Be3 Rd8 37. Bf4 Bg6 38. Kf2 Bf8 39. Ke3 Bg7 40. Re1 Rd4 41. Kf2 Bf8 42. Be3 Rd7 43. Bf4 Be7 44. Ke3 Rd4 45. Kf2 Rd8 46. Ke3 Rd7 47. Rd1 Rd4 48. Re1 Bd8 49. Kf2 Bc7 50. Be3 Rd7 51. Bf4 Re7 52. Ke3 Kd7 53. Ne4 Bxe5 54. Bg5 Re8 55. Kxd3 Bxg3 56. Re3 Bc7 57. Bf6 g3 58. Rxg3 Bxe4+ 0-1


[Site "https://www.chess.com"]

[Event "Titled Tuesday Blitz November 01 Late 2022"]
[White "Mladenovic, Stefan"]
[Black "Faizrakhmanov, Ramil"]
[WhiteFideId "942227"]
[BlackFideId "24103209"]
[WhiteElo "2337"]
[BlackElo "2421"]
[Result "0-1"]
[Round "09"]
[TimeControl "180+1"]
[Date "2022.11.02"]
[WhiteClock "0:00:14"]
[BlackClock "0:00:24"]

1. d4 Nf6 2. Nf3 d5 3. Bf4 c5 4. e3 Nc6 5. Nbd2 cxd4 6. exd4 Bf5 7. c3 e6 8. Qb3 Qc8 9. Ne5 Be7 10. Bb5 O-O 11. O-O a6 12. Bxc6 bxc6 13. h3 c5 14. Ndf3 h6 15. Qa4 Bd6 16. dxc5 Bxc5 17. Nd4 Bh7 18. Rad1 Bd6 19. Rfe1 Qc7 20. Qc6 Qxc6 21. Ndxc6 Rfc8 22. Nd4 Rab8 23. Nb3 Bc2 24. Rd2 Bxb3 25. axb3 Rxb3 26. Nd3 Bxf4 27. Nxf4 Ne4 28. Rde2 Nc5 29. Ra1 Rcb8 30. Ra5 R8b5 31. Rxb5 Rxb5 32. f3 g5 33. b4 gxf4 34. bxc5 Rxc5 35. Ra2 Rxc3 36. Rxa6 Kg7 37. Rd6 Rc2 38. Rd7 Rd2 39. Kf1 d4 40. Ke1 Rxg2 41. Rxd4 e5 42. Rd5 f6 43. h4 Rh2 44. Kf1 Rxh4 45. Kg2 Rh5 46. Rd7+ Kg6 47. Rd8 Rg5+ 48. Kf2 Kf5 49. Rh8 Rg6 50. Rh7 Kg5 51. Rh8 Rg7 52. Kg2 Ra7 53. Rg8+ Kf5 54. Rh8 Ra2+ 55. Kg1 Kg5 56. Rg8+ Kh4 57. Rg6 f5 58. Kf1 e4 59. Ke1 e3 60. Rg8 Rf2 0-1


[Site "https://www.chess.com"]

[Event "Titled Tuesday Blitz November 01 Late 2022"]
[White "Munoz Sanchez, Miguel"]
[Black "Mesa Cruz, Juan Carlos"]
[WhiteFideId "3600734"]
[BlackFideId "6423400"]
[WhiteElo "2166"]
[BlackElo "2059"]
[Result "0-1"]
[Round "09"]
[TimeControl "180+1"]
[Date "2022.11.02"]
[WhiteClock "0:00:56"]
[BlackClock "0:00:12"]

1. e4 c5 2. Nf3 d6 3. c3 Nf6 4. h3 e6 5. Bd3 Be7 6. O-O O-O 7. Re1 Nc6 8. Bf1 e5 9. d4 cxd4 10. cxd4 exd4 11. Nxd4 Re8 12. Nc3 Bd7 13. Bf4 Qb6 14. Nb3 Rad8 15. Nd5 Nxd5 16. exd5 Ne5 17. Qh5 Bf6 18. Rad1 Ba4 19. Be3 Qc7 20. Rc1 Qd7 21. Nd4 a6 22. Nf5 g6 23. Nh6+ Kg7 24. Qe2 Bb5 25. Qd2 Bxf1 26. Rxf1 Qb5 27. Ng4 Nxg4 28. hxg4 Qxb2 29. Bh6+ Kg8 30. Qxb2 Bxb2 31. Rb1 Bg7 32. Bxg7 Kxg7 33. Rxb7 Re5 34. Rd1 Re4 35. Rc1 Rxg4 36. Rcc7 Rf4 37. Ra7 Re8 38. Rxa6 Re1+ 39. Kh2 Rxf2 40. Rxd6 Rxa2 41. Rdd7 Rf1 42. Kg3 Rff2 43. Kh3 h5 44. Re7 Ra3+ 45. Kh2 Rd3 46. Re5 h4 47. Rg5 h3 48. Rc5 Rfd2 49. d6 hxg2 50. Rxg2 Rxg2+ 51. Kxg2 Rxd6 52. Rc3 Re6 53. Kf2 Kf6 54. Kg2 Re5 55. Rc5 Kf5 56. Rc7 Kf6 57. Rc6+ Re6 58. Rc7 g5 59. Rc5 Kg6 60. Kg3 f5 61. Rc7 Ra6 62. Rb7 Ra3+ 63. Kf2 Kh5 64. Rb5 Kg4 65. Rb4+ f4 66. Rb7 Ra2+ 67. Kf1 Kg3 68. Rb1 f3 69. Kg1 g4 70. Rf1 Rh2 0-1


[Site "https://www.chess.com"]

[Event "Titled Tuesday Blitz November 01 Late 2022"]
[White "Muradli, Mahammad"]
[Black "Chigaev, Maksim"]
[WhiteFideId "13409301"]
[BlackFideId "4108116"]
[WhiteElo "2611"]
[BlackElo "2537"]
[Result "0-1"]
[Round "09"]
[TimeControl "180+1"]
[Date "2022.11.01"]
[WhiteClock "0:00:01"]
[BlackClock "0:00:02"]

1. c4 e6 2. Nc3 d5 3. d4 Nf6 4. cxd5 exd5 5. Bg5 c6 6. e3 h6 7. Bh4 Be7 8. Bd3 O-O 9. Nf3 Re8 10. Bg3 a5 11. Ne5 Na6 12. O-O Nc7 13. f4 Ne6 14. Rc1 c5 15. f5 Ng5 16. Bf4 cxd4 17. exd4 Qb6 18. Bb5 Rd8 19. Bxg5 hxg5 20. Kh1 a4 21. Bxa4 Qxb2 22. Bb3 Ra5 23. Rc2 Qa3 24. Qd2 g4 25. Qf4 Qd6 26. Nd1 Bd7 27. Ne3 Bb5 28. Rfc1 Raa8 29. N3xg4 Nxg4 30. Qxg4 Bf6 31. Qg3 Re8 32. Rc5 Bc6 33. Nxc6 Qxg3 34. hxg3 bxc6 35. Rxc6 Rad8 36. R6c5 Bxd4 37. Rxd5 Rxd5 38. Bxd5 Bf2 39. g4 Bg3 40. Kg1 Re5 41. Bf3 Kh7 42. Kf1 Kh6 43. a4 Kg5 44. Ra1 Ra5 45. Bc6 Be5 46. Ra2 Kxg4 47. Bd7 Kg5 48. Ke2 Bf6 49. Bc8 Rc5 50. Bd7 Re5+ 51. Kf3 Rd5 52. Bc8 Rc5 53. Bd7 Rc7 54. Bb5 Rc5 55. g4 Rc3+ 56. Ke4 Rg3 57. Kd5 Rxg4 58. Bd7 Bd4 59. a5 Ba7 60. a6 Rd4+ 61. Kc6 Kf6 62. Bc8 Rd1 63. Kb7 Be3 64. Rb2 Ra1 65. Rb3 Bd4 66. Bd7 Bg1 67. Bc8 Bf2 68. Rd3 Rb1+ 69. Ka8 Ra1 70. Kb7 Rb1+ 71. Kc7 Rc1+ 72. Kd7 Ra1 73. Kd8 Rc1 74. Rd6+ Ke5 75. Rd3 Bb6+ 76. Kd7 Rc7+ 77. Ke8 Rxc8+ 78. Kxf7 Rc7+ 79. Kg6 Ra7 80. Ra3 Bd4 81. Ra5+ Ke4 82. Ra4 Kd3 83. Ra3+ Kc4 84. Ra4+ Kd5 85. Ra5+ Kc6 86. Ra4 Bf6 87. Ra1 Bxa1 0-1


[Site "https://www.chess.com"]

[Event "Titled Tuesday Blitz November 01 Late 2022"]
[White "Pakleza, Zbigniew"]
[Black "Jones, Gawain C B"]
[WhiteFideId "1119290"]
[BlackFideId "409561"]
[WhiteElo "2411"]
[BlackElo "2657"]
[Result "0-1"]
[Round "09"]
[TimeControl "180+1"]
[Date "2022.11.01"]
[WhiteClock "0:00:03"]
[BlackClock "0:00:10"]

1. d4 Nf6 2. Nf3 c5 3. c3 b6 4. Bf4 Bb7 5. e3 g6 6. Bc4 Bg7 7. dxc5 bxc5 8. Qb3 Bxf3 9. Bxf7+ Kf8 10. gxf3 e6 11. Bxe6 dxe6 12. Qxe6 Ne8 13. Nd2 Qd7 14. Qc4 Nc6 15. O-O-O Qf7 16. Qxc5+ Ne7 17. Nb3 Bf6 18. Rd7 Ng7 19. Be5 Rc8 20. Rxe7 Rxc5 21. Rxf7+ Kxf7 22. Bxf6 Rf5 23. Bxg7 Kxg7 24. Nd4 Rg5 25. Ne6+ Kf6 26. Nxg5 Kxg5 27. Kc2 Rf8 28. Rg1+ Kh4 29. Rg3 g5 30. c4 h5 31. Kc3 g4 32. fxg4 hxg4 33. c5 Rxf2 34. Rg1 Rxh2 35. c6 Rf2 36. b4 g3 37. a4 Kh3 38. b5 g2 39. a5 Rf1 40. Rxg2 Kxg2 41. Kb4 Rc1 42. e4 Kf3 43. e5 Ke4 44. e6 Kd4 45. e7 Rb1+ 46. Ka3 Kc3 47. Ka2 Rb2+ 48. Ka1 Re2 0-1


[Site "https://www.chess.com"]

[Event "Titled Tuesday Blitz November 01 Late 2022"]
[White "Pap, Gyula"]
[Black "Fernandez Guillen, Ernesto J."]
[WhiteFideId "725323"]
[BlackFideId "3512428"]
[WhiteElo "2953"]
[BlackElo "2810"]
[Result "0-1"]
[Round "09"]
[TimeControl "180+1"]
[Date "2022.11.01"]
[WhiteClock "0:00:21"]
[BlackClock "0:00:46"]

1. d4 Nf6 2. c4 g6 3. Nc3 d5 4. Bf4 Bg7 5. Nf3 O-O 6. Rc1 c6 7. e3 a6 8. h3 dxc4 9. Bxc4 b5 10. Bb3 Nbd7 11. O-O c5 12. a4 c4 13. Bc2 Qb6 14. e4 Bb7 15. Be3 b4 16. d5 Qa5 17. Ne2 Rac8 18. Ned4 Nc5 19. Nd2 Ncd7 20. Bb1 Nb6 21. Qe2 c3 22. bxc3 bxc3 23. N2b3 Qxa4 24. Bd3 Qb4 25. Rb1 Qd6 26. Na5 Ba8 27. Ndc6 Nbxd5 28. exd5 Nxd5 29. Na7 Rc7 30. Rfd1 Nxe3 31. Qxe3 Bd4 0-1


[Site "https://www.chess.com"]

[Event "Titled Tuesday Blitz November 01 Late 2022"]
[White "Perez Cruz, Adianet"]
[Black "Hughes, Tyler B"]
[WhiteFideId "3510115"]
[BlackFideId "2026775"]
[WhiteElo "2151"]
[BlackElo "2273"]
[Result "0-1"]
[Round "09"]
[TimeControl "180+1"]
[Date "2022.11.02"]
[WhiteClock "0:00:34"]
[BlackClock "0:00:07"]

1. d4 Nf6 2. Bg5 e6 3. c3 h6 4. Bf4 c5 5. e3 Qb6 6. Qb3 d5 7. Qxb6 axb6 8. Nf3 c4 9. Nbd2 b5 10. Bxb8 Rxb8 11. a3 Bd6 12. Be2 Ne4 13. Nxe4 dxe4 14. Nd2 f5 15. f3 exf3 16. gxf3 Bd7 17. Kf2 Ra8 18. f4 g5 19. fxg5 hxg5 20. h3 Kf7 21. Rag1 Be7 22. Nf3 Bc6 23. Ne5+ Kf6 24. Bf3 Bxf3 25. Kxf3 Bd6 26. h4 g4+ 27. Kf4 Rac8 28. e4 Rce8 29. Re1 Rh6 30. exf5 exf5 31. h5 Reh8 32. Ke3 Bxe5 33. dxe5+ Kxe5 34. Kf2+ Kf4 35. Rhf1 Rxh5 36. Kg2+ Kg5 37. Rf2 Rh2+ 38. Kf1 Rh1+ 39. Ke2 Re8+ 40. Kd2 Rhxe1 41. Rg2 f4 42. b4 f3 43. Rf2 R1e2+ 44. Rxe2 Rxe2+ 0-1


[Site "https://www.chess.com"]

[Event "Titled Tuesday Blitz November 01 Late 2022"]
[White "Perske, Thore"]
[Black "Gallegos Diaz, Carlos Alberto"]
[WhiteFideId "12902195"]
[BlackFideId "3900886"]
[WhiteElo "2336"]
[BlackElo "2362"]
[Result "1-0"]
[Round "09"]
[TimeControl "180+1"]
[Date "2022.11.02"]
[WhiteClock "0:01:28"]
[BlackClock "0:00:16"]

1. d4 Nf6 2. g3 d6 3. Bg2 e5 4. dxe5 dxe5 5. Qxd8+ Kxd8 6. f4 e4 7. Nh3 h6 8. Nf2 Bf5 9. Nc3 Bb4 10. Bd2 Bxc3 11. Bxc3 Nbd7 12. Nd1 c6 13. Ne3 Bh7 14. O-O-O Kc7 15. f5 Rhe8 16. g4 Ne5 17. h3 a5 18. a4 b6 19. b3 Bg8 20. Rd4 c5 21. Rd2 Nc6 22. Rhd1 Rad8 23. Bxf6 gxf6 24. Rxd8 Rxd8 25. Rxd8 Kxd8 26. Bxe4 Nd4 27. Kd2 1-0


[Site "https://www.chess.com"]

[Event "Titled Tuesday Blitz November 01 Late 2022"]
[White "Petrova, Irina"]
[Black "Melikhov, Evgeny V."]
[WhiteFideId "14124122"]
[BlackFideId "4122046"]
[WhiteElo "2023"]
[BlackElo "2169"]
[Result "0-1"]
[Round "09"]
[TimeControl "180+1"]
[Date "2022.11.02"]
[WhiteClock "0:00:01"]
[BlackClock "0:00:13"]

1. e4 c5 2. Nf3 d6 3. Bb5+ Nd7 4. O-O a6 5. Bxd7+ Bxd7 6. d4 cxd4 7. Qxd4 e5 8. Qd3 Rc8 9. a4 h6 10. c4 Nf6 11. Nc3 Be7 12. Rd1 O-O 13. b3 Bc6 14. Ba3 Ne8 15. Nd2 f5 16. exf5 Qd7 17. Nd5 Bd8 18. Ne4 Qxf5 19. f3 Qe6 20. Kh1 Kh8 21. Ne3 Be7 22. Nd5 Bd8 23. Ne3 Bb6 24. Nd5 Bd4 25. Ndc3 Rd8 26. Rac1 Nf6 27. Nxf6 Qxf6 28. Ne4 Qg6 29. Ng3 Qg5 30. Rb1 Rf4 31. Bb2 Rh4 32. Nf1 Rf8 33. Bxd4 Rxd4 34. Qe2 Rdf4 35. Nd2 Rh4 36. Ne4 Qf4 37. Rxd6 Qxh2# 0-1


[Site "https://www.chess.com"]

[Event "Titled Tuesday Blitz November 01 Late 2022"]
[White "Petrovic, Aleksa"]
[Black "Bayo Milagro, Alvaro"]
[WhiteFideId "967629"]
[BlackFideId "22275240"]
[WhiteElo "2242"]
[BlackElo "2270"]
[Result "0-1"]
[Round "09"]
[TimeControl "180+1"]
[Date "2022.11.02"]
[WhiteClock "0:01:53"]
[BlackClock "0:02:36"]

1. e4 c6 2. f3 e5 3. d4 exd4 4. Qxd4 d5 5. Nc3 Nf6 6. Bg5 Be7 7. exd5 cxd5 8. O-O-O Nc6 9. Bb5 O-O 10. Qf2 Be6 11. Nge2 Qa5 12. Kb1 d4 13. Nxd4 Nxd4 14. Qxd4 a6 15. Bd3 Qxg5 16. h4 Qc5 17. Qc4 Bxc4 0-1


[Site "https://www.chess.com"]

[Event "Titled Tuesday Blitz November 01 Late 2022"]
[White "Piesik, Piotr"]
[Black "Kamsky, Gata"]
[WhiteFideId "1136194"]
[BlackFideId "2000024"]
[WhiteElo "2323"]
[BlackElo "2666"]
[Result "0-1"]
[Round "09"]
[TimeControl "180+1"]
[Date "2022.11.01"]
[WhiteClock "0:01:48"]
[BlackClock "0:00:48"]

1. Nf3 Nf6 2. g3 d5 3. Bg2 c6 4. O-O Bf5 5. d3 h6 6. Nbd2 e6 7. Qe1 Bh7 8. e4 Be7 9. Qe2 a5 10. a4 Na6 11. b3 Nb4 12. Ne1 O-O 13. Bb2 Nd7 14. f4 Bf6 15. e5 Be7 16. Kh1 b5 17. g4 bxa4 18. bxa4 Rb8 19. Bd4 c5 20. Bf2 Re8 21. Bg3 Nc6 22. f5 Bh4 23. Qf2 Bxg3 24. Qxg3 Ndxe5 25. fxe6 Rxe6 26. Nef3 Rb4 27. Nxe5 Nxe5 28. h3 Bg6 29. Rae1 Qd6 30. Rf4 Nxd3 31. Rxe6 fxe6 0-1


[Site "https://www.chess.com"]

[Event "Titled Tuesday Blitz November 01 Late 2022"]
[White "Polster, Christian"]
[Black "Gaehwiler, Gabriel"]
[WhiteFideId "12965081"]
[BlackFideId "1314530"]
[WhiteElo "2209"]
[BlackElo "2418"]
[Result "1-0"]
[Round "09"]
[TimeControl "180+1"]
[Date "2022.11.02"]
[WhiteClock "0:00:04"]
[BlackClock "0:00:14"]

1. e4 c5 2. Nc3 a6 3. g3 b5 4. Bg2 Bb7 5. Nge2 e6 6. O-O h5 7. d4 cxd4 8. Nxd4 h4 9. Re1 hxg3 10. hxg3 Bc5 11. Be3 Qb6 12. a4 b4 13. a5 Qc7 14. Na4 d6 15. Nb6 Ra7 16. c3 bxc3 17. b4 Bxd4 18. Qxd4 e5 19. Qd3 Nf6 20. Nc4 d5 21. exd5 Ra8 22. d6 Qc8 23. Nb6 Bxg2 24. Nxc8 Be4 25. d7+ Nbxd7 26. Nd6+ Kf8 27. Nxe4 Rc8 28. Rac1 Kg8 29. Nxf6+ Nxf6 30. Rxc3 Re8 31. Rc6 e4 32. Qd4 Ng4 33. Rec1 Ne5 34. Rc8 Nf3+ 35. Kg2 Rh2+ 36. Kf1 Rh1+ 37. Ke2 Rxc8 38. Rxc8+ Kh7 39. Qxe4+ g6 40. Qxf3 1-0


[Site "https://www.chess.com"]

[Event "Titled Tuesday Blitz November 01 Late 2022"]
[White "Postny, Evgeny"]
[Black "Maksimovic, Bojan"]
[WhiteFideId "2804344"]
[BlackFideId "14408120"]
[WhiteElo "2473"]
[BlackElo "2447"]
[Result "1/2-1/2"]
[Round "09"]
[TimeControl "180+1"]
[Date "2022.11.01"]
[WhiteClock "0:00:06"]
[BlackClock "0:00:15"]

1. e4 g6 2. d4 Bg7 3. Nc3 d6 4. Nf3 a6 5. a4 Nf6 6. Be2 O-O 7. O-O Nc6 8. h3 e6 9. Bg5 h6 10. Be3 b6 11. Qd2 Kh7 12. Bd3 Bb7 13. Rae1 Nb4 14. Nh2 c5 15. f3 cxd4 16. Bxd4 e5 17. Bf2 d5 18. exd5 Nfxd5 19. Nxd5 Nxd3 20. Qxd3 Qxd5 21. Qxd5 Bxd5 22. Bxb6 Bc4 23. Rf2 Rab8 24. a5 f5 25. Nf1 e4 26. c3 exf3 27. Rxf3 f4 28. Nd2 Bb5 29. Re7 Kg8 30. Nb3 g5 31. Nd4 Bxd4+ 32. Bxd4 Rf7 33. Re6 Kh7 34. Rf2 Bc4 35. Rc6 Bb5 36. Re6 Bc4 37. Re5 Rfb7 38. b4 Rc8 39. Rd2 Rd7 40. Rd1 Kg6 41. Rde1 Kh5 42. Kh2 Rc6 43. g4+ fxg3+ 44. Kxg3 Rf7 45. h4 Rcf6 46. hxg5 Rf3+ 47. Kg2 hxg5 48. Be3 Bf1+ 49. Rxf1 Rxf1 50. Rxg5+ Kh4 51. Rg6 R1f3 52. Rh6+ Kg4 53. Rg6+ Kh4 54. Rh6+ Kg4 55. Rg6+ Kh4 1/2-1/2


[Site "https://www.chess.com"]

[Event "Titled Tuesday Blitz November 01 Late 2022"]
[White "Potapova, Margarita"]
[Black "Mekhitarian, Krikor Sevag"]
[WhiteFideId "14126869"]
[BlackFideId "2107660"]
[WhiteElo "2150"]
[BlackElo "2614"]
[Result "1-0"]
[Round "09"]
[TimeControl "180+1"]
[Date "2022.11.02"]
[WhiteClock "0:00:14"]
[BlackClock "0:00:04"]

1. d4 Nf6 2. Bf4 g6 3. e3 Bg7 4. Nf3 d6 5. h3 c5 6. c3 O-O 7. Be2 Qb6 8. Qb3 Be6 9. Qa3 Nc6 10. O-O Rac8 11. Nbd2 Rfe8 12. Bh2 cxd4 13. exd4 Bd5 14. Bd3 e5 15. dxe5 dxe5 16. Bc4 e4 17. Bxd5 Nxd5 18. Nc4 Qd8 19. Nfd2 b5 20. Nd6 Bf8 21. Qc5 Ncb4 22. Qxc8 Qxc8 23. Nxc8 Rxc8 24. cxb4 f5 25. Rac1 Re8 26. a3 Bh6 27. Rc5 Nb6 28. Nb3 Na4 29. Rxb5 Nxb2 30. Be5 Nc4 31. Bd4 Nxa3 32. Rb7 Nc2 33. Bc3 e3 34. fxe3 Bxe3+ 35. Kh1 Rc8 36. Bf6 Bh6 37. Rd1 Ne3 38. Rdd7 Rc1+ 39. Nxc1 1-0


[Site "https://www.chess.com"]

[Event "Titled Tuesday Blitz November 01 Late 2022"]
[White "Predke, Alexandr"]
[Black "Jobava, Baadur"]
[WhiteFideId "24107581"]
[BlackFideId "13601520"]
[WhiteElo "2881"]
[BlackElo "3075"]
[Result "0-1"]
[Round "09"]
[TimeControl "180+1"]
[Date "2022.11.01"]
[WhiteClock "0:00:03"]
[BlackClock "0:00:38"]

1. Nf3 d5 2. g3 c6 3. Bg2 Nf6 4. O-O Bf5 5. c4 e6 6. Qb3 Qc8 7. d4 Be7 8. Bf4 Nbd7 9. Nc3 h6 10. Rac1 O-O 11. Rfd1 Nb6 12. Ne5 Rd8 13. a4 Ng4 14. cxd5 exd5 15. a5 Nxe5 16. dxe5 Nc4 17. e4 Bg4 18. exd5 Bxd1 19. Rxd1 Nxa5 20. Qa4 b6 21. dxc6 Rxd1+ 22. Qxd1 Qe6 23. Bd5 Qg6 24. Qe2 Nxc6 25. e6 Rc8 26. Qc4 Bc5 27. exf7+ Kf8 28. Be6 Rd8 29. Ne4 Nd4 30. Nxc5 Ke7 31. Bd5 Qb1+ 32. Kg2 Qf5 33. Qxd4 Qxd5+ 34. Qxd5 Rxd5 35. Ne4 Kxf7 36. Nd6+ Ke6 37. Nc8 Rd7 38. Be3 Rc7 39. Nxa7 Rxa7 40. Bxb6 Ra4 41. Be3 Rb4 42. Bc1 Kd5 43. h4 Ke4 44. h5 Kf5 45. Kh3 Rb3 46. Bd2 Rxb2 47. Bc3 Rb7 48. f3 Rc7 49. Bd2 Rc2 50. g4+ Ke5 51. Be1 Kf4 52. Bg3+ Kxf3 53. Be5 Rc1 54. Kh2 Kxg4 55. Bxg7 Rc6 56. Be5 Rc5 57. Bd6 Rxh5+ 58. Kg2 Rd5 59. Bc7 Rd2+ 60. Kh1 Kh3 61. Kg1 h5 62. Bb8 Rg2+ 63. Kf1 Rg8 64. Bc7 Rg7 65. Bd6 Rd7 66. Bb8 Rd1+ 67. Kf2 Rb1 68. Bc7 Kg4 69. Bd6 Rb6 70. Bc7 Rb2+ 71. Kg1 Kf3 72. Kh1 Kg4 73. Bd6 Kh3 74. Kg1 Rd2 75. Bc7 Rd7 76. Bb8 Rf7 77. Be5 Kg4 78. Bd6 Kh3 79. Be5 Rb7 80. Bd6 Rb5 81. Bc7 Rb1+ 82. Kf2 h4 83. Bd6 Rb7 84. Be5 Rf7+ 85. Kg1 Rf5 86. Bd6 Rg5+ 87. Kf2 Rd5 88. Bc7 Rd1 89. Bd6 Rxd6 0-1


[Site "https://www.chess.com"]

[Event "Titled Tuesday Blitz November 01 Late 2022"]
[White "Prydun, Andriy"]
[Black "Moreno Perez, Tobias Sebastian"]
[WhiteFideId "14145898"]
[BlackFideId "186716"]
[WhiteElo "2163"]
[BlackElo "2516"]
[Result "0-1"]
[Round "09"]
[TimeControl "180+1"]
[Date "2022.11.02"]
[WhiteClock "0:00:54"]
[BlackClock "0:00:05"]

1. e4 c6 2. Nf3 d5 3. Nc3 dxe4 4. Nxe4 Nf6 5. Qe2 Nxe4 6. Qxe4 Nd7 7. Bc4 Nf6 8. Qe2 e6 9. O-O Bd6 10. d4 O-O 11. c3 b6 12. Bg5 Bb7 13. Rad1 Qc7 14. Bxf6 gxf6 15. Bd3 c5 16. Rfe1 Kh8 17. Be4 f5 18. Bxb7 Qxb7 19. dxc5 Bxc5 20. Qe5+ Kg8 21. Rd3 Rae8 22. Red1 Qe4 23. Qf6 Be7 24. Qh6 Rd8 25. Nd4 Kh8 26. Nxe6 Qxe6 27. Qc1 Bg5 28. f4 Bf6 29. g3 Rxd3 30. Rxd3 Rd8 31. Qd1 Rxd3 32. Qxd3 Kg7 33. Kg2 Qe4+ 34. Qf3 Qxf3+ 35. Kxf3 Be7 36. b4 Kf6 37. a3 Ke6 38. c4 Bf6 39. Ke3 Bb2 40. a4 Bc3 41. b5 Bb4 42. Kd4 Bc5+ 43. Kd3 h5 44. Ke2 Bg1 45. Kf3 Bc5 46. Ke2 Kd6 47. Kd3 Bg1 48. h3 Bh2 49. g4 hxg4 50. hxg4 fxg4 51. Ke3 f5 52. Kf2 Bxf4 53. Kg2 Be5 0-1


[Site "https://www.chess.com"]

[Event "Titled Tuesday Blitz November 01 Late 2022"]
[White "Przybylski, Wojciech"]
[Black "Krzyzanowski, Marcin"]
[WhiteFideId "1117599"]
[BlackFideId "1132199"]
[WhiteElo "2221"]
[BlackElo "2435"]
[Result "0-1"]
[Round "09"]
[TimeControl "180+1"]
[Date "2022.11.02"]
[WhiteClock "0:00:01"]
[BlackClock "0:01:25"]

1. e4 g6 2. d4 Bg7 3. Nc3 c6 4. a4 d5 5. e5 Nh6 6. h3 O-O 7. Be2 f6 8. exf6 exf6 9. Nf3 Nf5 10. O-O Be6 11. Bf4 Nd7 12. Re1 Bf7 13. a5 Re8 14. Bd3 Ne7 15. Qd2 g5 16. Bg3 Ng6 17. Bf5 Ndf8 18. Rxe8 Bxe8 19. h4 h6 20. a6 b6 21. Re1 Bd7 22. Qd3 Bxf5 23. Qxf5 Ne7 24. Qd3 Qd7 25. hxg5 hxg5 26. Nh2 Nfg6 27. Qe2 Kf7 28. Nd1 Nf5 29. Qd3 Nxg3 30. fxg3 f5 31. Nf3 Bf6 32. Ne5+ Bxe5 33. dxe5 Qe6 34. g4 f4 35. Qf5+ Ke7 36. Qxg5+ Kd7 37. Nf2 Rf8 38. Nd3 c5 39. c4 dxc4 40. Nf2 Kc6 41. Nh3 f3 42. Nf2 fxg2 43. Rd1 Nxe5 44. Kxg2 Rxf2+ 45. Kxf2 Nxg4+ 46. Kg3 Ne3 47. Re1 Nf5+ 48. Kf4 Qxe1 49. Qg2+ Kb5 50. Kxf5 Kxa6 51. Qc2 Qf1+ 52. Ke6 Qd3 53. Qc1 Kb5 54. Qa1 a5 55. Ke5 Qd4+ 56. Ke6 a4 57. Qa2 Qe4+ 58. Kd6 Qd4+ 59. Ke6 Qd2 60. Qa3 Qe2+ 61. Kd5 Qd3+ 0-1


[Site "https://www.chess.com"]

[Event "Titled Tuesday Blitz November 01 Late 2022"]
[White "Putnam, Liam"]
[Black "Salman, Pavel"]
[WhiteFideId "30938279"]
[BlackFideId "24153753"]
[WhiteElo "2082"]
[BlackElo "2187"]
[Result "1-0"]
[Round "09"]
[TimeControl "180+1"]
[Date "2022.11.02"]
[WhiteClock "0:01:07"]
[BlackClock "0:00:19"]

1. e4 c5 2. Nc3 e6 3. Nf3 a6 4. d4 cxd4 5. Nxd4 Qc7 6. Be2 b5 7. O-O Bb7 8. a3 Nf6 9. Qd3 Nc6 10. Nxc6 dxc6 11. f4 Bc5+ 12. Kh1 h5 13. Qg3 Ng4 14. Bxg4 hxg4 15. Qxg4 O-O-O 16. h3 Qe7 17. f5 Rh4 18. Qg5 exf5 19. Qxf5+ Qe6 20. Qxc5 Rxh3+ 21. Kg1 g6 22. gxh3 Qxh3 23. Qg5 Rh8 24. Qg2 Qe6 25. Bf4 c5 26. Nd5 Rh4 27. Rad1 Rg4 28. Nb6+ Qxb6 29. Qxg4+ f5 30. exf5 g5 31. f6+ 1-0


[Site "https://www.chess.com"]

[Event "Titled Tuesday Blitz November 01 Late 2022"]
[White "Rangel, Daniel"]
[Black "Janaszak, Dawid"]
[WhiteFideId "2124475"]
[BlackFideId "1119206"]
[WhiteElo "2225"]
[BlackElo "2226"]
[Result "1-0"]
[Round "09"]
[TimeControl "180+1"]
[Date "2022.11.02"]
[WhiteClock "0:00:42"]
[BlackClock "0:00:38"]

1. c4 e6 2. g3 f5 3. Bg2 Nf6 4. Nc3 Be7 5. e3 O-O 6. Nge2 Qe8 7. O-O d6 8. d4 e5 9. Nd5 Bd8 10. dxe5 dxe5 11. b3 c6 12. Nxf6+ Bxf6 13. Bb2 Na6 14. Qd2 Be6 15. Rad1 Qh5 16. Qd6 Rae8 17. Qd2 Nc5 18. Nc3 f4 19. Ne4 Nxe4 20. Bxe4 f3 21. Kh1 Bf5 22. Bxf5 Qxf5 23. Qd7 Re6 24. g4 Qxg4 25. Rg1 Qh3 26. Rg3 Qxg3 27. Qxe6+ 1-0


[Site "https://www.chess.com"]

[Event "Titled Tuesday Blitz November 01 Late 2022"]
[White "Rasulov, Vugar"]
[Black "Deac, Bogdan-Daniel"]
[WhiteFideId "13402390"]
[BlackFideId "1226380"]
[WhiteElo "2908"]
[BlackElo "2998"]
[Result "0-1"]
[Round "09"]
[TimeControl "180+1"]
[Date "2022.11.01"]
[WhiteClock "0:00:01"]
[BlackClock "0:00:07"]

1. d4 Nf6 2. c4 e6 3. Nf3 d5 4. Nc3 dxc4 5. e4 Bb4 6. Bg5 h6 7. Bxf6 Qxf6 8. Bxc4 c5 9. O-O O-O 10. e5 Qd8 11. Ne4 cxd4 12. a3 Be7 13. Qe2 Bd7 14. Rfd1 Qc7 15. Rac1 Bc6 16. Bd3 Nd7 17. b4 Nxe5 18. b5 Nxd3 19. Rxd3 Qf4 20. Rxc6 bxc6 21. g3 Qc7 22. bxc6 Qxc6 23. Nxd4 Qb6 24. Nf3 Rfd8 25. Kg2 Rxd3 26. Qxd3 Rd8 27. Qc4 Bxa3 28. h4 Qb7 29. g4 Be7 30. g5 hxg5 31. hxg5 Qd5 32. Qa4 g6 33. Kg3 a5 34. Kg2 Qf5 35. Ng3 Qd3 36. Qxa5 Qd5 37. Qc7 Bxg5 38. Ne2 Bf6 39. Ng3 Qd7 40. Qf4 Bg7 41. Ne4 Qd5 42. Qh4 Ra8 43. Nfg5 Qf5 44. Qh7+ Kf8 45. Qh4 f6 46. Nf3 g5 47. Nfxg5 fxg5 48. Nxg5 Kg8 49. Nf3 Rf8 50. Ng5 Qg6 51. Kf1 Rf5 52. Nf3 Rxf3 53. Qd8+ Rf8 54. Qe7 Rf6 55. Qd8+ Bf8 56. Qd7 Qf5 57. Qd2 Bg7 58. Qe2 Kh7 59. Qe3 e5 60. Qa7 e4 61. Qe3 Qf3 62. Qc5 e3 63. Qc2+ Kh6 64. Ke1 Qxf2+ 0-1


[Site "https://www.chess.com"]

[Event "Titled Tuesday Blitz November 01 Late 2022"]
[White "Roque Sola, Gisela"]
[Black "Diaz Rosas, Julio Cesar"]
[WhiteFideId "5120241"]
[BlackFideId "5105099"]
[WhiteElo "1961"]
[BlackElo "2246"]
[Result "0-1"]
[Round "09"]
[TimeControl "180+1"]
[Date "2022.11.02"]
[WhiteClock "0:01:01"]
[BlackClock "0:00:20"]

1. e4 c5 2. Nf3 d6 3. d4 cxd4 4. Nxd4 Nf6 5. Nc3 a6 6. Be2 e5 7. Nb3 Be7 8. O-O O-O 9. Kh1 b6 10. f4 Bb7 11. Bf3 Nbd7 12. Be3 Rc8 13. Qe1 Rxc3 14. bxc3 Qa8 15. Nd2 Rc8 16. c4 b5 17. cxb5 axb5 18. Qb1 Nc5 19. fxe5 dxe5 20. Bxc5 Bxc5 21. Re1 Bd4 22. Qxb5 Bxa1 23. Rxa1 Rxc2 24. Nb3 Bxe4 25. Bxe4 Nxe4 26. Qxe5 Nf2+ 27. Kg1 Nh3+ 0-1


[Site "https://www.chess.com"]